AoeStats
← Davy Jones

Black Forest

509460048Analyzed
4v4 RM · 6d ago on Sep 26, 2026· 58m 39s· 8 players
Game mode
Random Map
Map size
Large (8 player)
Population
200
Speed
Normal
Resources
Standard
Victory
Conquest
Starting age
Dark Age
Ending age
Imperial Age
RankedLock teamsTeams togetherTeam positionsShared explorationLock speedFull tech treeHidden civsTurbo modeCheats
Victory
Defeat
🇸🇰 Khmer · Slovakia
815
+14
🇸🇰 Persians · Slovakia
788
+15
🇵🇪 Teutons · Peru
726
+17
🇹🇷 Khmer · Türkiye
710
+18
🇬🇧 Bulgarians · United Kingdom
779
-17
🇺🇸 Teutons · United States
758
-16
🇲🇽 Britons · Mexico
750
-16
🇺🇸 Malay · United States
745
-15
wigfunk
0:26 Loom
12:19 Feudal Age
25:55 Castle Age
25:35 Wheelbarrow
25:08 Double-Bit Axe
32:03 Bow Saw
36:42 Imperial Age
35:43 Elite Skirmisher
35:43 Crossbowman
35:45 Pikeman
36:26 Squires
36:18 Fletching
36:29 Padded Archer Armor
37:06 Bodkin Arrow
37:26 Leather Archer Armor
37:09 Town Watch
37:16 Halberdier
37:52 Light Cavalry
41:05 Two-Man Saw
39:46 Horse Collar
39:52 Treadmill Crane
40:33 Ballistics
40:24 Masonry
40:39 Warwolf
41:00 Conscription
40:57 Bracer
42:20 Heavy Plow
43:00 Hand Cart
43:20 Yeomen
43:48 Hoardings
45:30 Onager
49:09 Ring Archer Armor
51:33 Forging
51:23 Scale Mail Armor
51:30 Scale Barding Armor
53:27 Caravan
54:21 Chain Mail Armor
54:41 Iron Casting
54:27 Chain Barding Armor
57:09 Blast Furnace
56:39 Plate Mail Armor
56:46 Plate Barding Armor
ISpillTheCoffee
0:28 Loom
12:37 Feudal Age
13:05 Fishing Lines
13:15 Double-Bit Axe
15:18 Wheelbarrow
14:58 Town Watch
22:20 Castle Age
20:55 Gold Mining
21:58 Forging
22:09 Stone Mining
25:00 Gold Shaft Mining
24:43 Gillnets
26:24 Horse Collar
27:06 Squires
27:47 Iron Casting
27:31 Scale Barding Armor
27:28 Scale Mail Armor
28:34 Heavy Plow
29:31 Chain Barding Armor
29:30 Chain Mail Armor
29:37 Hand Cart
34:03 Imperial Age
31:33 Fletching
32:45 Caravan
33:33 Stirrups
33:51 Bloodlines
33:42 Husbandry
34:22 Gambesons
34:27 Arson
35:24 Conscription
37:33 Blast Furnace
37:10 Plate Barding Armor
37:06 Plate Mail Armor
36:59 Bow Saw
37:21 Capped Ram
41:23 Town Patrol
41:06 Siege Ram
48:44 Elite Konnik
49:04 Pikeman
autokalishnikovmodern2022
4:17 Loom
12:33 Feudal Age
18:09 Castle Age
17:11 Double-Bit Axe
19:09 Wheelbarrow
26:31 Caravan
30:56 Hand Cart
33:34 Imperial Age
38:11 Town Watch
40:04 Forging
40:00 Scale Barding Armor
39:55 Padded Archer Armor
39:45 Fletching
43:48 Forced Levy
43:21 Man-at-Arms
44:06 Long Swordsman
47:01 Two-Handed Swordsman
48:22 Iron Casting
48:34 Squires
51:22 Onager
53:52 Onager
54:58 Bow Saw
th3qtip
0:47 Loom
13:44 Feudal Age
14:10 Horse Collar
14:16 Double-Bit Axe
15:51 Wheelbarrow
16:18 Gold Mining
18:33 Town Watch
22:14 Castle Age
21:28 Forging
21:19 Scale Mail Armor
23:48 Bow Saw
24:49 Hand Cart
24:59 Stone Mining
29:52 Iron Casting
29:33 Chain Mail Armor
30:52 Stone Shaft Mining
31:55 Heavy Plow
34:51 Imperial Age
34:32 Fortified Wall
36:08 Crop Rotation
36:51 Two-Man Saw
37:05 Elite Teutonic Knight
37:39 Fletching
41:59 Chemistry
41:26 Ballistics
41:29 Ironclad
42:20 Blast Furnace
41:51 Plate Mail Armor
41:30 Pikeman
42:11 Squires
41:56 Gambesons
41:57 Arson
49:23 Onager
53:09 Heavy Scorpion
56:03 Cavalier
56:54 Bloodlines
Kosťo
0:37 Loom
12:12 Feudal Age
13:15 Horse Collar
13:23 Double-Bit Axe
14:35 Town Watch
15:26 Wheelbarrow
21:07 Castle Age
19:49 Fishing Lines
20:03 Gold Mining
20:05 Stone Mining
23:07 Caravan
23:37 Gillnets
24:01 Bow Saw
23:54 Heavy Plow
27:58 Hand Cart
33:05 Imperial Age
30:37 Town Patrol
30:53 Forging
30:49 Scale Barding Armor
33:14 Iron Casting
33:00 Chain Barding Armor
34:37 Stone Shaft Mining
34:39 Gold Shaft Mining
35:17 Guilds
37:17 Blast Furnace
36:53 Plate Barding Armor
36:21 Husbandry
36:34 Bloodlines
36:34 Cavalier
37:51 Crop Rotation
38:25 Two-Man Saw
38:35 Conscription
38:25 Savar
42:24 Chemistry
Davy Jones
0:30 Loom
13:04 Feudal Age
15:00 Wheelbarrow
15:21 Horse Collar
15:29 Double-Bit Axe
16:37 Gold Mining
16:38 Stone Mining
21:20 Castle Age
23:02 Hand Cart
24:04 Gold Shaft Mining
23:32 Heavy Plow
24:10 Stone Shaft Mining
23:49 Bow Saw
27:23 Town Watch
30:36 Imperial Age
30:22 Town Patrol
30:49 Fervor
34:19 Siege Engineers
35:22 Ballistics
36:42 Crop Rotation
36:12 Fletching
36:34 Double Crossbow
38:17 Chemistry
37:12 Murder Holes
36:47 Heavy Scorpion
38:06 Caravan
38:36 Coinage
39:47 Bodkin Arrow
40:56 Banking
Ruhi TIĞLI
0:42 Loom
15:45 Feudal Age
16:27 Horse Collar
16:35 Double-Bit Axe
17:21 Gold Mining
17:21 Stone Mining
25:39 Castle Age
27:16 Wheelbarrow
30:23 Imperial Age
32:03 Heavy Plow
32:17 Caravan
37:33 Chemistry
36:57 Hand Cart
36:26 Heavy Scorpion
37:08 Onager
37:58 Double Crossbow
38:19 Conscription
39:50 Fletching
40:01 Padded Archer Armor
42:07 Siege Engineers
42:31 Ballistics
44:27 Bodkin Arrow
44:47 Leather Archer Armor
44:43 Murder Holes
44:59 Fortified Wall
46:24 Bracer
46:55 Ring Archer Armor
46:18 Capped Ram
49:03 Siege Ram
54:04 Crop Rotation
BrunoCueva5593
0:35 Loom
13:19 Feudal Age
16:13 Wheelbarrow
15:27 Double-Bit Axe
16:03 Horse Collar
22:21 Castle Age
20:35 Town Watch
20:56 Fishing Lines
23:41 Bow Saw
23:39 Heavy Plow
23:43 Gillnets
24:08 Forging
23:58 Scale Mail Armor
23:55 Gold Mining
26:53 Stone Mining
28:37 Hand Cart
33:22 Imperial Age
32:12 Iron Casting
31:37 Scale Mail Armor
31:28 Fletching
31:38 Padded Archer Armor
32:22 Caravan
33:23 Pikeman
34:05 Squires
33:50 Arson
36:00 Stone Shaft Mining
36:51 Chemistry
35:57 Halberdier
40:00 Siege Engineers
41:01 Crop Rotation
41:15 Ironclad
43:28 Caravan
45:03 Onager
47:53 Heated Shot
52:49 Ballistics
52:10 Elite Teutonic Knight
54:26 Blast Furnace
53:42 Chain Mail Armor
53:22 Bodkin Arrow
53:27 Padded Archer Armor
54:56 Town Patrol
Connection lost

Rejoining the realm…

Still unreachable

The connection could not be restored.

Session expired

The server has moved on; the page needs a fresh start.